 Dungeon Crawl Stone Soup version 0.26.0-16-gc1dbca0489 (webtiles) character file.

Game seed: 3367012558194174984

9639 FreshCat the Cleaver (level 11, -2/141 HPs)
             Began as a Minotaur Fighter on Jan 21, 2021.
             Was a High Priest of Okawaru.
             Slain by an eight-headed hydra (8 damage)
             ... on level 10 of the Dungeon.
             The game lasted 00:47:22 (12181 turns).

FreshCat the Cleaver (Minotaur Fighter)            Turns: 12181, Time: 00:47:23

Health: -2/141     AC: 25    Str: 20    XL:     11   Next: 25%
Magic:  10/10      EV:  2    Int:  7    God:    Okawaru [*****.]
Gold:   731        SH: 17    Dex: 15    Spells: 10/10 levels left

rFire    . . .     SeeInvis .   l - +1 broad axe
rCold    . . .     Faith    +   a - +5 kite shield of Aqiuhink {Dex+3}
rNeg     + + +     Spirit   .   (armour currently unavailable)
rPois    +         Reflect  .   (helmet currently unavailable)
rElec    .         Harm     .   (cloak currently unavailable)
rCorr    .         Rampage  .   (gloves currently unavailable)
Will     .....     NoTele   +   (boots currently unavailable)
Stlth    ++........             C - amulet of faith
HPRegen  0.33/turn              B - +4 ring of evasion
MPRegen  0.12/turn              (no ring)

@: tree-form, studying Air Magic
A: (retaliatory headbutt)
a: Renounce Religion, Heroism, Finesse


You were on level 10 of the Dungeon.
You worshipped Okawaru.
Okawaru was extremely pleased with you.
You were a tree.
You visited 2 branches of the dungeon, and saw 12 of its levels.

You collected 731 gold pieces.

Inventory:

Hand Weapons
 l - a +1 broad axe (weapon)
 Q - a +4 battleaxe of venom
Missiles
 b - 5 boomerangs of dispersal
 h - 238 stones
 u - 5 javelins (quivered)
 v - 46 poisoned darts
 G - 5 atropa-tipped darts
Armour
 a - the +5 kite shield of Aqiuhink (worn) {Dex+3}
   (Okawaru gifted it to you on level 8 of the Dungeon)

   It affects your dexterity (+3).
 e - a +0 cloak (melded)
 A - the +2 leather armour "Ytwocesm" {rPois rC+}
   (You took it off an orc on level 6 of the Dungeon)

   It protects you from cold.
   It protects you from poison.
 I - a +2 scale mail of positive energy (melded)
 J - a +2 scale mail of fire resistance
Jewellery
 B - a +4 ring of evasion (left branch)
 C - an amulet of faith (around neck)
 E - the amulet "Toexyaf" {Reflect rElec rN++ MP-9 SH+5 Stlth+}
   (You found it on level 7 of the Dungeon)

   [amulet of reflection]

   It shields you and reflects attacks.
   It insulates you from electricity.
   It greatly protects you from negative energy.
   It affects your magic capacity (-9).
   It affects your SH (+5).
   It makes you more stealthy.
Wands
 o - a wand of paralysis (18)
 s - a wand of flame (18)
 x - a wand of polymorph (10)
 z - a wand of digging (1)
 D - a wand of acid (6)
Scrolls
 i - 5 scrolls of amnesia
 m - 4 scrolls of teleportation
 t - 4 scrolls of fear
 w - a scroll of fog
 y - 6 scrolls of remove curse
 F - a scroll of enchant weapon
 H - a scroll of magic mapping
 P - a scroll of immolation {unknown}
Potions
 c - a potion of cancellation {unknown}
 d - a potion of might
 f - a potion of lignification
 g - a potion of attraction
 j - 2 potions of curing
 k - 2 potions of flight
 n - a potion of mutation
 p - a potion of invisibility
 q - a potion of magic
 r - a potion of haste
 N - a potion of brilliance
Books
 K - a manual of Air Magic
Miscellaneous
 L - a tin of tremorstones (2/2)


   Skills:
 + Level 8.1 Fighting
 + Level 13.4 Axes
 + Level 2.9 Throwing
 + Level 9.0 Armour
 + Level 5.5 Dodging
 + Level 1.3 Stealth
 + Level 9.8 Shields


You had 10 spell levels left.
You didn't know any spells.
Your spell library contained the following spells:

 Spells                   Type           Power        Failure   Level
 Beastly Appendage        Tmut           0%           65%         1
 Corona                   Hex            0%           65%         1
 Ensorcelled Hibernation  Hex/Ice        0%           80%         2
 Wereblood                Tmut           0%           80%         2
 Confusing Touch          Hex            0%           95%         3
 Dazzling Flash           Conj/Hex       0%           95%         3
 Spider Form              Tmut/Pois      0%           95%         3
 Tukima's Dance           Hex            0%           95%         3
 Ice Form                 Ice/Tmut       0%           100%        4
 Blade Hands              Tmut           0%           100%        5


Dungeon Overview and Level Annotations

Branches:
Dungeon (11/15)            Temple (1/1) D:5             Orc (0/2) D:10
   Lair: D:8-11

Altars:
Ashenzari
Dithmenos
Elyvilon
Fedhas
Gozag
Hepliaklqana
Kikubaaqudgha
Makhleb
Nemelex Xobeh
Okawaru
Qazlal
Ru
Sif Muna
Trog
Uskayaw
Xom
Yredelemnul
The Shining One

Shops:
D:8 *?

Annotations:
D:5 Maggie


Innate Abilities, Weirdness & Mutations

((You reflexively headbutt those who attack you in melee.))
((You have a pair of horns on your head.))


Message History

The eight-headed hydra misses you.
You feel better.
The eight-headed hydra barely misses you. x2
The eight-headed hydra bites you!
* * * LOW HITPOINT WARNING * * *
The eight-headed hydra bites you!
* * * LOW HITPOINT WARNING * * *
You block the eight-headed hydra's attack. x2
The eight-headed hydra completely misses you.
The eight-headed hydra misses you.
Really quaff the potion of lignification?
You turn into a tree.
Your +0 cloak melds into your body.
Your +2 scale mail of positive energy melds into your body.
You feel less protected from negative energy.
Your roots penetrate the ground.
The eight-headed hydra is no longer covered in acid.
An orc warrior comes into view. It is wielding a +0 glaive.
The eight-headed hydra bites you but does no damage.
The eight-headed hydra bites you!
You die...

#.# #.# #.#
###########.#####
#..............))
##.###############
## #..# .. #.##
#.##♣# #oD.#
#.##.# # ###


You could see an eight-headed hydra and an orc warrior.

Vanquished Creatures
  Pikel (D:6)
  4 trolls (D:10)
  Sigmund (D:6)
  2 shadows (D:10)
  5 yaks
  A steam dragon (D:8)
  Menkaure (D:4)
  Edmund (D:5)
  Duvessa (D:6)
  A water moccasin (D:9)
  6 orc warriors
  A necrophage (D:7)
  6 sky beasts
  2 black bears
  8 centaurs
  4 ice beasts
  4 phantoms
  2 ogres
  A lemure (D:6)
  7 bullfrogs
  A water moccasin skeleton (D:9)
  3 scorpions
  Dowan (D:6)
  4 killer bees (D:8)
  2 howler monkeys
  A troll zombie (D:10)
  5 wights (D:8)
  3 centaur zombies
  A jelly (D:10)
  2 gnoll shamans (D:7)
  Crazy Yiuf (D:3)
  3 centaur skeletons
  5 iguanas
  4 orc priests
  8 orc wizards
  3 bullfrog skeletons
  7 hounds
  Jessica (D:8)
  Natasha (thrice) (D:3)
  4 worker ants
  5 ogre zombies (D:10)
  A hound skeleton (D:4)
  A worker ant zombie (D:10)
  9 gnolls
  13 adders
  3 shadow imps
  A white imp (D:6)
  2 ufetubi
  2 oozes
  An adder zombie (D:5)
  An adder skeleton (D:6)
  4 worms
  A dart slug (D:2)
  2 leopard geckos
  42 orcs
  3 ball pythons
  5 bats
  4 giant cockroaches
  4 goblins
  6 hobgoblins
  17 jackals
  6 kobolds
  11 quokkas
  5 frilled lizards
  2 goblin zombies (D:10)
  2 hobgoblin skeletons (D:10)
  2 hobgoblin zombies (D:10)
  A leopard gecko skeleton (D:7)
  A leopard gecko zombie (D:8)
  3 orc skeletons (D:10)
  10 orc zombies (D:10)
  7 rats
298 creatures vanquished.

Notes
Turn   | Place    | Note
-------+----------+-------------------------------------------
     0 | D:1      | FreshCat the Minotaur Fighter began the quest for the Orb.
     0 | D:1      | Reached XP level 1. HP: 19/19 MP: 0/0
   204 | D:1      | Reached XP level 2. HP: 27/27 MP: 1/1
   480 | D:2      | Reached skill level 3 in Axes
   549 | D:2      | Found a shadowy altar of Dithmenos.
   562 | D:2      | Reached XP level 3. HP: 24/33 MP: 2/2
   961 | D:2      | Found a basalt altar of Yredelemnul.
  1046 | D:2      | Noticed an ice beast
  1052 | D:2      | Reached XP level 4. HP: 40/40 MP: 3/3
  1062 | D:2      | Killed an ice beast
  1063 | D:2      | Reached XP level 5. HP: 34/47 MP: 4/4
  1548 | D:2      | Reached skill level 4 in Axes
  1801 | D:3      | Reached skill level 1 in Dodging
  2150 | D:3      | Reached skill level 5 in Armour
  2169 | D:3      | Found a broken altar of Ashenzari.
  2181 | D:3      | Reached XP level 6. HP: 53/53 MP: 5/5
  2208 | D:3      | Reached skill level 5 in Shields
  2567 | D:3      | Noticed Natasha
  2572 | D:3      | Killed Natasha
  2589 | D:3      | Noticed Natasha
  2599 | D:3      | Killed Natasha
  2600 | D:3      | Reached skill level 5 in Axes
  2901 | D:3      | Noticed Natasha
  2908 | D:3      | Killed Natasha
  3085 | D:3      | Found a runed translucent door.
  3162 | D:3      | Noticed Crazy Yiuf
  3243 | D:3      | Found a glowing golden altar of the Shining One.
  3454 | D:3      | Killed Crazy Yiuf
  3601 | D:5      | Entered Level 5 of the Dungeon
  3879 | D:4      | Noticed Menkaure
  3882 | D:4      | Killed Menkaure
  3883 | D:4      | Reached XP level 7. HP: 60/60 MP: 6/6
  4005 | D:4      | Found a sparkling altar of Nemelex Xobeh.
  4461 | D:5      | Found a shimmering blue altar of Sif Muna.
  4478 | D:6      | Reached skill level 5 in Fighting
  4478 | D:6      | Reached skill level 6 in Axes
  4478 | D:6      | Reached skill level 1 in Throwing
  4729 | D:5      | Found a staircase to the Ecumenical Temple.
  4736 | Temple   | Entered the Ecumenical Temple
  4794 | Temple   | Became a worshipper of Warmaster Okawaru
  4953 | Temple   | Reached XP level 8. HP: 36/70 MP: 7/7
  5115 | D:5      | Reached skill level 7 in Axes
  5175 | D:5      | Noticed Edmund
  5188 | D:5      | Killed Edmund
  5389 | D:5      | Found a sparkling altar of Nemelex Xobeh.
  5389 | D:5      | Found a shimmering blue altar of Sif Muna.
  5389 | D:5      | Found a burning altar of Makhleb.
  5390 | D:5      | Found a hide-covered altar of Uskayaw.
  5751 | D:6      | Noticed Maggie
  6049 | D:6      | Noticed Dowan
  6070 | D:6      | Killed Dowan
  6070 | D:6      | Noticed Duvessa
  6092 | D:6      | Killed Duvessa
  6092 | D:6      | Reached * piety under Okawaru
  6093 | D:6      | Reached skill level 8 in Axes
  6235 | D:7      | Found a blossoming altar of Fedhas.
  6697 | D:6      | Noticed Sigmund
  6746 | D:6      | Identified the +2 leather armour "Ytwocesm" {rPois rC+}
  6753 | D:6      | Noticed Pikel
  6771 | D:6      | Killed Pikel
  6771 | D:6      | Reached ** piety under Okawaru
  6771 | D:6      | Reached *** piety under Okawaru
  6772 | D:6      | Reached skill level 9 in Axes
  6772 | D:6      | Reached XP level 9. HP: 70/78 MP: 8/8
  6917 | D:6      | Killed Sigmund
  7340 | D:7      | Got a faintly glowing steel amulet
  7390 | D:7      | Reached skill level 10 in Axes
  7421 | D:7      | Reached **** piety under Okawaru
  7450 | D:7      | Identified the amulet "Toexyaf" {Reflect rElec rN++ MP-9
                  | SH+5 Stlth+} (You found it on level 7 of the Dungeon)
  7567 | D:7      | Reached skill level 1 in Stealth
  8158 | D:8      | Found an ancient bone altar of Kikubaaqudgha.
  8209 | D:8      | Reached XP level 10. HP: 43/86 MP: 9/9
  8213 | D:8      | Reached skill level 11 in Axes
  8460 | D:8      | Found Hoesuxap's Assorted Antiques.
  8506 | D:8      | Noticed a deep elf mage
  8513 | D:8      | Reached ***** piety under Okawaru
  8513 | D:8      | Noticed a black mamba
  8526 | D:7      | Noticed an orb spider
  8526 | D:7      | a black mamba changed into an orb spider
  8530 | D:7      | an orb spider changed into a basilisk
  8696 | D:7      | Noticed a manticore
  8702 | D:7      | a manticore changed into a yaktaur
  9211 | D:8      | Received a gift from Okawaru
  9212 | D:8      | Got a crude kite shield {god gift}
  9223 | D:8      | Identified the +5 kite shield of Aqiuhink {Dex+3} (Okawaru
                  | gifted it to you on level 8 of the Dungeon)
  9291 | D:8      | Found a stormy altar of Qazlal.
  9367 | D:9      | Reached skill level 5 in Dodging
  9420 | D:8      | Found Suchih's Magic Scroll Shoppe.
  9591 | D:9      | Found a sacrificial altar of Ru.
  9688 | D:8      | Noticed Jessica
  9700 | D:8      | Found a shimmering blue altar of Sif Muna.
  9703 | D:8      | Killed Jessica
  9818 | D:8      | Reached skill level 12 in Axes
 10086 | D:10     | Entered Level 10 of the Dungeon
 10754 | D:11     | Noticed a death yak
 10842 | D:10     | Reached XP level 11. HP: 94/94 MP: 10/10
 11035 | D:10     | Reached skill level 13 in Axes
 11044 | D:10     | Found a staircase to the Orcish Mines.
 12173 | D:10     | Noticed a seven-headed hydra
 12180 | D:10     | HP: 3/94 [eight-headed hydra (13)]
 12181 | D:10     | Slain by an eight-headed hydra

Illustrated notes

Levels and vault maps discovered:
D:1:      onia_arrival_handbag, layout_basic
D:2:      layout_basic, lemuel_doored_altar, grunt_dithmenos_smoke_and_mirrors
D:3:      minmay_general_purpose_star, layout_basic,
          nicolae_tso_carved_into_rock, general_overflow_altar,
          item_on_display_a, uniq_natasha, uniq_crazy_yiuf_cottage
D:4:      layout_loops_ring, nemelex_spade_bored_becter, uniq_menkaure
D:5:      layout_basic, chequers_temple_overflow_statue_of_worship,
          minmay_temple_entry_tees, basic_altar, wad_floor_pattern_untrapped,
          serial_park_tiny_2, uniq_edmund
D:6:      layout_gridville, uniq_sigmund, uniq_duvessa, uniq_pikel, uniq_maggie
D:7:      layout_basic, fedhas_ov_isle_minmay
D:8:      minmay_the_grid_plus_closed [minmay_the_grid_gridbox,
          minmay_the_grid_dragon_b, minmay_the_grid_tree, minmay_the_grid_x,
          minmay_the_grid_prize_four_corners_diamond_b], layout_gridville,
          kiku_gazebo_garden_becter, kennysheep_mini_moat, serial_shops,
          shop_fountains, shop_statue, hex_medium, tgw_sif
D:9:      layout_cave_pools, nicolae_overflow_crystal_walls, minivault_19,
          lemuel_flamethrower_2
D:10:     minmay_cornered_nines, layout_basic, zombieorc1_lemuel
D:11:     layout_loops_ring, dpeg_lair_monsters, minmay_quadrilaterals,
          uniq_nergalle, uniq_grum
Temple:   cyrus_temple_forest

Skill      XL: |  1  2  3  4  5  6  7  8  9 10 11 |
---------------+----------------------------------+-----
Fighting       | 4 5 6 7 8 |  8.1
Axes           | 3 4 5 6 9 10 12 13 | 13.4
Armour         | 4 5 6 7 8 9 |  9.0
Shields        | 4 5 6 7 9 |  9.8
Dodging        | 1 3 4 5 |  5.5
Throwing       | 1 2 |  2.9
Stealth        | 1 |  1.3

Action                   |  1- 3 |  4- 6 |  7- 9 | 10-12 || total
-------------------------+-------+-------+-------+-------++-------
Melee: War axe           |    76 |    71 |       |       ||   147
       Headbutt          |    10 |    25 |    44 |    80 ||   159
       Broad axe         |       |    65 |   264 |   308 ||   637
Throw: Stone             |     7 |    31 |    10 |     8 ||    56
       Javelin           |       |       |     5 |     5 ||    10
       Dart              |       |       |    28 |       ||    28
Invok: Heroism           |       |       |     1 |       ||     1
Evoke: Wand              |       |       |       |     4 ||     4
  Use: Scroll            |     3 |     7 |    10 |     6 ||    26
       Potion            |       |       |     4 |     3 ||     7
Armor: Scale mail        |    35 |    45 |   122 |    56 ||   258
       Skin              |       |       |       |     1 ||     1
Dodge: Dodged            |    21 |    40 |   141 |   154 ||   356
Block: Kite shield       |    46 |    78 |   221 |   280 ||   625
